[Event "Titled Tuesday Blitz May 16 Late 2023"]
[White "Shapiro, Viktor"]
[Black "Tomiello, Lucas Costamilan"]
[WhiteFideId "4175700"]
[BlackFideId "22701940"]
[WhiteElo "2152"]
[BlackElo "2085"]
[Result "0-1"]
[Round "05"]
[TimeControl "180+2"]
[Date "2023.05.16"]
[WhiteClock "0:00:24"]
[BlackClock "0:00:34"]

1. Nf3 Nf6 2. c4 g6 3. Nc3 Bg7 4. d4 O-O 5. Bg5 d6 6. e3 Nbd7 7. Be2 h6 8. Bh4 g5 9. Bg3 Nh5 10. Qc2 e6 11. O-O-O f5 12. c5 Nxg3 13. hxg3 Qe7 14. cxd6 cxd6 15. Kb1 Nf6 16. Qb3 Ng4 17. Rdf1 Bd7 18. Nd2 b5 19. Bxb5 Rab8 20. Qa4 Bxb5 21. Nxb5 Qb7 22. Nc4 Qxb5 23. Qxb5 Rxb5 24. Nxd6 Rb6 25. Nc4 Rb4 26. b3 e5 27. dxe5 Nxe5 28. Nxe5 Bxe5 29. f4 gxf4 30. gxf4 Bg7 31. Rh5 a5 32. g4 a4 33. Rxf5 Rd8 34. Kc2 Rc8+ 35. Kd2 axb3 36. axb3 Rxb3 37. Ke2 Rcc3 38. Rf3 Rb2+ 39. Kd1 Ra3 40. Rc5 Bc3 0-1


[Site "https://www.chess.com"]

[Event "Titled Tuesday Blitz May 16 Late 2023"]
[White "Melikyan, Gnel"]
[Black "Liu, Casper"]
[WhiteFideId "54109990"]
[BlackFideId "1454153"]
[WhiteElo "2138"]
[BlackElo "2221"]
[Result "1-0"]
[Round "05"]
[TimeControl "180+2"]
[Date "2023.05.16"]
[WhiteClock "0:00:19"]
[BlackClock "0:01:00"]

1. e4 e5 2. Nc3 Nf6 3. Bc4 Bc5 4. Nf3 d6 5. O-O Nc6 6. h3 h6 7. d3 a6 8. Be3 g5 9. Bxc5 dxc5 10. Nd5 g4 11. hxg4 Bxg4 12. Ne3 Bh5 13. Nf5 Rg8 14. c3 Qd7 15. Kh1 O-O-O 16. Rg1 Ng4 17. Qe2 b5 18. Bd5 Ne7 19. Nxe5 Nxe5 20. Nxe7+ Qxe7 21. Qxh5 Rg5 22. Qh3+ Kb8 23. f4 Ng4 24. Rgf1 Rgg8 25. Rf3 h5 26. Kg1 c4 27. Qxh5 Nf6 28. Qxf7 Nxd5 29. Qxe7 Nxe7 30. d4 Ng6 31. Kf2 Rde8 32. Re1 Nh4 33. Rg3 Rxg3 34. Kxg3 Ng6 35. f5 Ne7 36. Kf4 Kc8 37. g4 Kd7 38. Rh1 c6 39. Rh7 Kd8 40. g5 Rf8 41. f6 Nc8 42. e5 Ke8 43. g6 Nb6 44. Re7+ Kd8 45. g7 Rg8 46. Rb7 Nd5+ 47. Kf5 Kc8 48. Rf7 Kd8 49. Rf8+ 1-0


[Site "https://www.chess.com"]

[Event "Titled Tuesday Blitz May 16 Late 2023"]
[White "Tarlabasi, Emirhan"]
[Black "Marra, Eduardo da Costa"]
[WhiteFideId "6350275"]
[BlackFideId "2106990"]
[WhiteElo "2200"]
[BlackElo "2252"]
[Result "1-0"]
[Round "05"]
[TimeControl "180+2"]
[Date "2023.05.16"]
[WhiteClock "0:00:02"]
[BlackClock "0:00:10"]

1. d4 Nf6 2. c4 g6 3. h4 d6 4. Nc3 Bg7 5. e4 Nbd7 6. Be2 e5 7. d5 a5 8. h5 Nc5 9. h6 Bf8 10. f3 Be7 11. Nh3 Nh5 12. Be3 Ng3 13. Rh2 O-O 14. Bf2 Nh5 15. g4 Nf4 16. Nxf4 exf4 17. e5 dxe5 18. Bxc5 Bxc5 19. Ne4 Be3 20. g5 f5 21. gxf6 Bf5 22. Bd3 Bxe4 23. Bxe4 Qxf6 24. Qb3 Ra6 25. Qxb7 Rb6 26. Qxc7 Bd4 27. O-O-O a4 28. Rc2 Rfb8 29. c5 Bxb2+ 30. Kd2 R6b7 31. Qc6 Qg5 32. Qe6+ Kh8 33. d6 Qxh6 34. Bxb7 Bd4 35. c6 Qg5 36. c7 Qg2+ 37. Kd3 e4+ 38. Qxe4 Bf2 39. cxb8=Q+ Kg7 40. Qe5+ Kh6 41. Qf8# 1-0


[Site "https://www.chess.com"]

[Event "Titled Tuesday Blitz May 16 Late 2023"]
[White "Womacka, Mathias"]
[Black "Spata, German"]
[WhiteFideId "4611390"]
[BlackFideId "113026"]
[WhiteElo "2377"]
[BlackElo "2260"]
[Result "0-1"]
[Round "05"]
[TimeControl "180+2"]
[Date "2023.05.16"]
[WhiteClock "0:00:57"]
[BlackClock "0:01:39"]

1. e4 e6 2. d4 d5 3. Nd2 dxe4 4. Nxe4 Bd7 5. Nf3 Bc6 6. Bd3 Nd7 7. O-O Ngf6 8. Ned2 Be7 9. Nc4 b6 10. Nce5 Bb7 11. Bg5 O-O 12. Qe2 c5 13. dxc5 Nxc5 14. Bc4 Nd5 15. Bd2 Nd7 16. Rad1 Bf6 17. Bc1 Nxe5 18. Nxe5 Qc7 19. Nf3 Nf4 20. Bxf4 Qxf4 21. c3 Bxf3 22. gxf3 Be5 0-1


[Site "https://www.chess.com"]

[Event "Titled Tuesday Blitz May 16 Late 2023"]
[White "Boor, Carl"]
[Black "marik_spb"]
[WhiteFideId "2017008"]
[WhiteElo "2330"]
[BlackElo "2446"]
[Result "1-0"]
[Round "05"]
[TimeControl "180+2"]
[Date "2023.05.16"]
[WhiteClock "0:00:16"]
[BlackClock "0:00:00"]

1. d4 Nf6 2. c4 e6 3. Nc3 Bb4 4. Bd2 O-O 5. e3 d5 6. Nf3 Bxc3 7. Bxc3 Ne4 8. Rc1 Nxc3 9. Rxc3 Nd7 10. Bd3 b6 11. cxd5 exd5 12. Qc2 c5 13. Bxh7+ Kh8 14. Bf5 cxd4 15. exd4 Re8+ 16. Re3 Rxe3+ 17. fxe3 Nf6 18. O-O Bxf5 19. Qxf5 Qc8 20. Qd3 Ne4 21. Nd2 Qe6 22. Nxe4 dxe4 23. Qb3 Qxb3 24. axb3 Kg8 25. Rc1 g6 26. Kf2 Kg7 27. Rc7 Kf6 28. h4 Ke6 29. g4 f5 30. Kg3 fxg4 31. Kxg4 Rf8 32. Rc6+ Kd5 33. Rc3 Rf1 34. Kg5 Rg1+ 35. Kf6 Rg4 36. b4 Rxh4 37. Kxg6 Rh2 38. b3 Rg2+ 39. Kf6 Rd2 40. b5 1-0


[Site "https://www.chess.com"]

[Event "Titled Tuesday Blitz May 16 Late 2023"]
[White "Rottenwohrer Suarez, Juan"]
[Black "Ismagilov, Damir"]
[WhiteFideId "32068182"]
[BlackFideId "34199982"]
[WhiteElo "2174"]
[BlackElo "2143"]
[Result "1-0"]
[Round "05"]
[TimeControl "180+2"]
[Date "2023.05.16"]
[WhiteClock "0:00:05"]
[BlackClock "0:00:30"]

1. Nf3 c5 2. g3 b6 3. Bg2 Bb7 4. O-O g6 5. c4 Bg7 6. Nc3 Nf6 7. d4 cxd4 8. Qxd4 O-O 9. Rd1 Nc6 10. Qh4 d6 11. Bh6 Rc8 12. Rac1 Qd7 13. Bh3 e6 14. Ng5 Ne5 15. b3 Qc6 16. f3 Qc5+ 17. Kg2 Nh5 18. Bxg7 Kxg7 19. Bxe6 Rce8 20. Bd5 Bc8 21. Nge4 Qe3 22. Nxd6 Rd8 23. Nxc8 Rxc8 24. Qd4 Qxd4 25. Rxd4 Nf6 26. Rcd1 Rfe8 27. e4 a6 28. a4 a5 29. h3 Ned7 30. f4 Nc5 31. e5 Ng8 32. Rb1 Ne7 33. g4 Na6 34. Bb7 Nc5 35. Bxc8 Rxc8 36. Nd5 Nc6 37. Rd2 Rb8 38. Nc3 Nb4 39. Nd5 Nc6 40. Kf3 Rb7 41. Rbb2 Ne6 42. Ke4 Nc5+ 43. Ke3 Ne6 44. Nf6 Nc5 45. h4 h6 46. g5 h5 47. Rd6 Ne7 48. Rdd2 Nf5+ 49. Kf2 Ne4+ 50. Ke1 Ne3 51. Rd8 Nxf6 52. exf6+ Kh7 53. Re2 b5 54. Rxe3 bxc4 55. Ree8 Re7+ 56. Rxe7 cxb3 57. Rxf7# 1-0


[Site "https://www.chess.com"]

[Event "Titled Tuesday Blitz May 16 Late 2023"]
[White "Fan_Of_Chucky"]
[Black "Denishev, Marat"]
[BlackFideId "24131563"]
[WhiteElo "2443"]
[BlackElo "2311"]
[Result "0-1"]
[Round "05"]
[TimeControl "180+2"]
[Date "2023.05.16"]
[WhiteClock "0:00:30"]
[BlackClock "0:01:44"]

1. d4 Nf6 2. c4 c5 3. d5 b5 4. cxb5 a6 5. e3 axb5 6. Bxb5 Qa5+ 7. Nc3 Bb7 8. Bd2 Qb6 9. a4 e6 10. Nf3 Nxd5 11. O-O Be7 12. e4 Nxc3 13. Bxc3 O-O 14. Nd2 d5 15. exd5 exd5 16. Be5 Nc6 17. Bf4 Nd4 18. Bd3 Bf6 19. Nf3 Nb3 20. Rb1 Rxa4 21. Bc2 Rxf4 22. Bxb3 c4 23. Bc2 d4 24. b3 Bxf3 25. gxf3 d3 26. bxc4 dxc2 27. Rxb6 cxd1=Q 28. Rxd1 Rxc4 29. Rbd6 h6 30. Kg2 Re8 31. R6d2 Re5 32. Ra2 Rg5+ 33. Kf1 Rh4 34. Ra8+ Kh7 35. Ra7 Rxh2 36. Rxf7 Rh1+ 37. Ke2 Re5+ 38. Kd3 Rd5+ 39. Ke4 Rhxd1 40. f4 R1d4+ 41. Kf3 Rf5 42. Kg2 Rdxf4 43. f3 Rxf3 44. Kg1 Rg5+ 45. Kh2 Be5+ 46. Kh1 Rh3# 0-1


[Site "https://www.chess.com"]

[Event "Titled Tuesday Blitz May 16 Late 2023"]
[White "Bouget, Alexandre"]
[Black "Domingo Nunez, Alejandro"]
[WhiteFideId "681318"]
[BlackFideId "22245561"]
[WhiteElo "2189"]
[BlackElo "2291"]
[Result "0-1"]
[Round "05"]
[TimeControl "180+2"]
[Date "2023.05.16"]
[WhiteClock "0:00:08"]
[BlackClock "0:00:13"]

1. d4 g6 2. c4 Bg7 3. h4 d6 4. h5 Nd7 5. h6 Bf6 6. Nc3 e6 7. Nf3 Ne7 8. Bg5 Bxg5 9. Nxg5 O-O 10. Qd2 Nc6 11. g3 e5 12. d5 Nd4 13. Bg2 Nc2+ 14. Qxc2 Qxg5 15. Nb5 Qd8 16. e4 a5 17. Nc3 Nc5 18. O-O-O f5 19. Kb1 Qg5 20. Ka1 a4 21. Qd2 Qxd2 22. Rxd2 fxe4 23. Nxe4 Nxe4 24. Bxe4 Bf5 25. Bxf5 Rxf5 26. Kb1 Raf8 27. Rh2 Rf3 28. Kc2 b5 29. cxb5 Rb8 30. Rd3 Rxd3 31. Kxd3 Rxb5 32. f4 Rxd5+ 33. Ke3 Kf7 34. Rc2 c5 35. Rc4 Rd4 36. Rc3 exf4+ 37. gxf4 Rb4 38. Rc2 Ke6 39. Rd2 d5 40. Rc2 Re4+ 41. Kf3 c4 42. Rg2 Re1 43. Rg5 Rb1 44. Re5+ Kd6 45. Rg5 Rxb2 46. f5 gxf5 47. Rg7 c3 48. Rxh7 c2 49. Rd7+ Kxd7 50. h7 Rb8 51. h8=Q Rxh8 0-1


[Site "https://www.chess.com"]

[Event "Titled Tuesday Blitz May 16 Late 2023"]
[White "Toniutti, Ezio"]
[Black "Omranalhosani21"]
[WhiteFideId "113034"]
[WhiteElo "2215"]
[BlackElo "2568"]
[Result "0-1"]
[Round "05"]
[TimeControl "180+2"]
[Date "2023.05.16"]
[WhiteClock "0:00:00"]
[BlackClock "0:00:05"]

1. d4 d5 2. c4 dxc4 3. e3 Nf6 4. Bxc4 e6 5. Nf3 c5 6. O-O a6 7. a4 cxd4 8. exd4 Be7 9. Qe2 O-O 10. Rd1 Nc6 11. Nc3 Nb4 12. Bg5 b6 13. Ne5 Bb7 14. Rac1 h6 15. Bh4 Rc8 16. Bb3 Nfd5 17. Bxe7 Qxe7 18. Ne4 Rfd8 19. h3 Nf6 20. Nc3 Nbd5 21. Nxd5 Nxd5 22. Qd2 a5 23. f3 Rxc1 24. Rxc1 Nb4 25. Rd1 Qd6 26. Qc3 Bd5 27. Nc4 Qg3 28. Re1 Bxc4 29. Bxc4 Rxd4 30. Qxd4 Qxe1+ 31. Kh2 Nd5 32. Bxd5 exd5 33. Qxd5 Qb4 34. b3 g6 35. Kg3 Kg7 36. f4 h5 37. Qe5+ Kg8 38. Qe8+ Kg7 39. Qe5+ Kh7 40. Qd5 h4+ 41. Kf3 Qc3+ 42. Kf2 Qg3+ 43. Kg1 Qxf4 44. Qc6 Qe3+ 45. Kh2 Qxb3 46. Qc7 Kg7 47. Qe5+ f6 0-1


[Site "https://www.chess.com"]

[Event "Titled Tuesday Blitz May 16 Late 2023"]
[White "koncheto"]
[Black "Prydun, Andriy"]
[BlackFideId "14145898"]
[WhiteElo "2566"]
[BlackElo "2164"]
[Result "1/2-1/2"]
[Round "05"]
[TimeControl "180+2"]
[Date "2023.05.16"]
[WhiteClock "0:00:12"]
[BlackClock "0:00:08"]

1. d4 Nf6 2. Bg5 Ne4 3. h4 Nd6 4. Nd2 b5 5. e4 a6 6. Bd3 Nb7 7. Ne2 c5 8. c3 Nc6 9. f4 h6 10. d5 Nb8 11. h5 hxg5 12. fxg5 e6 13. Nf3 c4 14. Bc2 Bc5 15. e5 d6 16. g6 f6 17. h6 dxe5 18. Be4 Nd6 19. dxe6 Nxe4 20. Qxd8+ Kxd8 21. O-O-O+ Ke7 22. hxg7 Rg8 23. Rh8 Bxe6 24. Nh4 Nc6 25. Rh7 Nf2 26. Rf1 Be3+ 27. Kb1 b4 28. Ng3 Kd7 29. Ngf5 Kc7 30. Nxe3 Ne4 31. Rc1 bxc3 32. bxc3 Rab8+ 33. Kc2 Ng5 34. Rh6 Rxg7 35. Nhf5 Rd7 36. g7 Rg8 37. Rxf6 Nd8 38. g4 Ndf7 39. Rg6 Ne4 40. Nh6 Rd2+ 41. Kb1 Nxh6 42. Rxe6 Nxg4 43. Nd5+ Kb7 44. Nb4 Rxg7 45. Rf1 Ne3 46. Rc1 Nf2 47. Rxe5 Ng2 48. Rc5 Ka7 49. Rxc4 Rb7 50. Rc6 a5 51. Ra6+ Kb8 52. Rxa5 Nd3 53. Rc2 Rxc2 54. Kxc2 Nxb4+ 55. cxb4 Ne3+ 56. Kb3 Ng4 57. Rf5 Ne3 58. Rc5 Ng4 59. a4 Nf6 60. a5 Nd7 61. Rh5 Ka7 62. Ka4 Rc7 63. b5 Rc4+ 64. Kb3 Rc7 65. b6+ Nxb6 66. axb6+ Kxb6 67. Rh6+ Rc6 68. Rh8 Kc7 69. Kb4 Kb6 70. Rb8+ Kc7 71. Re8 Kb6 72. Re7 Rg6 73. Rf7 Rc6 74. Rf5 Rd6 75. Rg5 Kc6 76. Ra5 Kb6 77. Rb5+ Kc6 78. Ra5 Kb6 79. Ra8 Kb7 80. Rf8 Kb6 81. Rf7 Rc6 82. Rf5 Rd6 83. Ka4 Kc6 84. Ka5 Rd5+ 85. Rxd5 Kxd5 1/2-1/2


[Site "https://www.chess.com"]

[Event "Titled Tuesday Blitz May 16 Late 2023"]
[White "Colbow, Collin"]
[Black "Moral Garcia, Serafin"]
[WhiteFideId "16201132"]
[BlackFideId "2201925"]
[WhiteElo "2351"]
[BlackElo "2274"]
[Result "1-0"]
[Round "05"]
[TimeControl "180+2"]
[Date "2023.05.16"]
[WhiteClock "0:00:28"]
[BlackClock "0:01:38"]

1. Nf3 Nf6 2. g3 g6 3. Bg2 Bg7 4. O-O O-O 5. b3 c5 6. Bb2 Nc6 7. c4 d6 8. Nc3 e5 9. Ne1 h6 10. Nc2 Be6 11. Ne3 Qd7 12. Ned5 Nd4 13. d3 Nxd5 14. Nxd5 Bh3 15. e3 Bxg2 16. Kxg2 Nf5 17. a3 Ne7 18. Nxe7+ Qxe7 19. b4 f5 20. Re1 e4 21. Bxg7 Kxg7 22. d4 b6 23. Qd2 Rfd8 24. Red1 d5 25. dxc5 bxc5 26. cxd5 Rac8 27. Rac1 cxb4 28. Rxc8 Rxc8 29. d6 Qe5 30. d7 Rd8 31. axb4 Kf7 32. Qa2+ Qe6 33. Qxa7 g5 34. Qc7 Ke7 35. Qc5+ Kf7 36. Rd6 Qe7 37. Qxf5+ Kg8 38. Rg6+ 1-0


[Site "https://www.chess.com"]

[Event "Titled Tuesday Blitz May 16 Late 2023"]
[White "Roberson, Peter T"]
[Black "Kielinkei"]
[WhiteFideId "412384"]
[WhiteElo "2346"]
[BlackElo "2426"]
[Result "1-0"]
[Round "05"]
[TimeControl "180+2"]
[Date "2023.05.16"]
[WhiteClock "0:00:35"]
[BlackClock "0:00:00"]

1. e4 c5 2. Nc3 e6 3. Nge2 d5 4. d3 Nc6 5. g3 Nf6 6. Bg2 dxe4 7. Nxe4 Nxe4 8. Bxe4 Be7 9. O-O O-O 10. Be3 Qc7 11. Qd2 b6 12. Rae1 Bb7 13. f4 Rad8 14. f5 exf5 15. Rxf5 Nd4 16. Nxd4 cxd4 17. Bf4 Bd6 18. Bxd6 Rxd6 19. Qf4 Bxe4 20. Rxe4 Qd7 21. Rfe5 Rf6 22. Qd2 h6 23. Qe2 Rc8 24. Kg2 g6 25. h4 Kg7 26. Re7 Qc6 27. h5 Qxc2 28. hxg6 Qxe2+ 29. Rxe2 Kxg6 30. Rxa7 Rfc6 31. Rb7 Rc2 32. Rxb6+ Kg7 33. Rxc2 Rxc2+ 34. Kf3 h5 35. a4 1-0


[Site "https://www.chess.com"]

[Event "Titled Tuesday Blitz May 16 Late 2023"]
[White "Yeritsyan, Hayk"]
[Black "Mortazavi, Ali"]
[WhiteFideId "13307320"]
[BlackFideId "401323"]
[WhiteElo "2433"]
[BlackElo "2339"]
[Result "1-0"]
[Round "05"]
[TimeControl "180+2"]
[Date "2023.05.16"]
[WhiteClock "0:00:15"]
[BlackClock "0:00:25"]

1. d4 Nf6 2. Nf3 g6 3. Bf4 Bg7 4. h3 O-O 5. e3 d6 6. c3 c5 7. Be2 Be6 8. Nbd2 Qb6 9. Qc1 Nc6 10. Ng5 Bd7 11. O-O cxd4 12. exd4 Rac8 13. Ngf3 Nd5 14. Bh2 Qd8 15. Qd1 Bh6 16. Re1 Nf4 17. Bf1 Re8 18. Qb3 Na5 19. Qd1 Be6 20. Qa4 a6 21. a3 b5 22. Qd1 Bd5 23. Bxf4 Bxf4 24. Bd3 f5 25. Qe2 Qc7 26. g3 Bh6 27. h4 Nc4 28. Nxc4 bxc4 29. Bc2 Bg7 30. Rad1 Bf6 31. Kh2 Kg7 32. Ng5 Qb7 33. Ne6+ Kg8 34. Nf4 Bf7 35. d5 Be5 36. Ne6 Bxe6 37. dxe6 Qxb2 38. Ba4 Rf8 39. Qxb2 f4 40. g4 f3+ 41. Kh3 Rf4 42. Qc2 d5 43. Rxe5 Rcf8 44. Rexd5 h5 45. Rd8 Rxg4 46. Rxf8+ Kxf8 47. Qd2 Kg7 48. Re1 g5 49. Qd4+ Kg6 50. Qxg4 hxg4+ 51. Kxg4 gxh4 52. Kxh4 Kf5 53. Kg3 Kf6 54. Kxf3 a5 55. Re4 Kf5 56. Rxc4 Ke5 57. Rc5+ Kd6 58. Rxa5 Kc7 59. Ke4 Kd8 60. Ra8+ Kc7 61. Re8 Kd6 62. Kf5 Kc5 63. Kg6 Kb6 64. Kf7 Ka5 65. Kxe7 Kb6 66. Kf7 Kc7 67. e7 Kd6 68. Rd8+ Kc5 69. e8=Q Kc4 70. Qe4+ Kc5 71. Rd5+ Kb6 72. Qe6+ Kc7 73. Rd7+ Kc8 74. Qe8# 1-0


[Site "https://www.chess.com"]

[Event "Titled Tuesday Blitz May 16 Late 2023"]
[White "AyMitecK"]
[Black "BenchGM"]
[WhiteElo "2551"]
[BlackElo "2424"]
[Result "1-0"]
[Round "05"]
[TimeControl "180+2"]
[Date "2023.05.16"]
[WhiteClock "0:01:35"]
[BlackClock "0:00:12"]

1. e4 c5 2. Nf3 Nc6 3. Bb5 d6 4. O-O Bd7 5. Re1 a6 6. Bxc6 Bxc6 7. d4 cxd4 8. Nxd4 Nf6 9. Nc3 e6 10. Bg5 Be7 11. Qf3 Qc7 12. Rad1 O-O 13. Qh3 b5 14. a3 Rac8 15. Rd3 Bb7 16. Rg3 Qc5 17. Qh6 Qxd4 18. Be3 Ng4 19. Rxg4 Qf6 20. Qh3 g6 21. Bg5 Qg7 22. Bxe7 Rfe8 1-0


[Site "https://www.chess.com"]

[Event "Titled Tuesday Blitz May 16 Late 2023"]
[White "Bruedigam, Martin"]
[Black "Lozano Ramirez, Nestor Favian"]
[WhiteFideId "24608033"]
[BlackFideId "4412672"]
[WhiteElo "2331"]
[BlackElo "2254"]
[Result "1-0"]
[Round "05"]
[TimeControl "180+2"]
[Date "2023.05.16"]
[WhiteClock "0:01:50"]
[BlackClock "0:00:50"]

1. d4 g6 2. c4 Bg7 3. Nc3 c5 4. d5 d6 5. e4 e6 6. f3 exd5 7. cxd5 Nf6 8. Nge2 O-O 9. Ng3 h5 10. Be2 h4 11. Nf1 Nbd7 12. Bg5 h3 13. g3 Ne5 14. Ne3 Qb6 15. Qb3 Qxb3 16. axb3 a6 17. Nb5 Ne8 18. Be7 Bd7 19. Nxd6 Nxd6 20. Bxd6 Rfd8 21. Bxc5 1-0


[Site "https://www.chess.com"]

[Event "Titled Tuesday Blitz May 16 Late 2023"]
[White "reevecanada"]
[Black "Haszon, David"]
[BlackFideId "733610"]
[WhiteElo "2410"]
[BlackElo "2210"]
[Result "0-1"]
[Round "05"]
[TimeControl "180+2"]
[Date "2023.05.16"]
[WhiteClock "0:00:05"]
[BlackClock "0:00:34"]

1. e4 c5 2. Nf3 e6 3. b3 d5 4. exd5 exd5 5. Bb5+ Nc6 6. O-O Be7 7. Re1 Nf6 8. Qe2 Be6 9. Bb2 O-O 10. Bxc6 bxc6 11. Ng5 Kh8 12. Nxe6 fxe6 13. Qxe6 Ne4 14. d3 Bf6 15. Bxf6 Rxf6 16. Qe5 Nxf2 17. Nd2 Ng4 18. Qg5 Rf1+ 19. Nxf1 Qxg5 20. Re6 Qf5 21. Rae1 h6 22. h3 Qf2+ 23. Kh1 Nf6 24. R6e2 Qf4 25. Re6 c4 26. dxc4 dxc4 27. Rxc6 Qf2 28. Rce6 Qxc2 29. Ne3 Qxa2 30. bxc4 Re8 31. Rxe8+ Nxe8 32. Nf1 Nf6 33. Rc1 Qb2 34. Rd1 Qc3 35. Rd8+ Kh7 36. Rc8 a5 37. c5 a4 38. c6 Nd5 39. h4 a3 40. Ra8 Nb6 41. Ra7 Qxc6 42. Rxa3 Nd5 43. Rf3 Nf6 44. Kh2 Ng4+ 45. Kg3 Ne5 46. Re3 Qg6+ 47. Kh3 Qf5+ 48. Kg3 Qg4+ 49. Kh2 Qxh4+ 50. Kg1 Qd4 51. Kh1 Ng4 52. Rf3 Qc5 53. Nd2 Qh5+ 54. Kg1 Qh2+ 55. Kf1 Qh1+ 56. Ke2 Qxg2+ 57. Kd3 Ne5+ 0-1


[Site "https://www.chess.com"]

[Event "Titled Tuesday Blitz May 16 Late 2023"]
[White "Potapova, Margarita"]
[Black "Abduzhaparov"]
[WhiteFideId "14126869"]
[WhiteElo "2244"]
[BlackElo "2392"]
[Result "1-0"]
[Round "05"]
[TimeControl "180+2"]
[Date "2023.05.16"]
[WhiteClock "0:01:30"]
[BlackClock "0:00:22"]

1. Nf3 d6 2. g3 e5 3. Bg2 h5 4. d3 Be7 5. Nc3 h4 6. gxh4 Bxh4 7. Nxh4 Rxh4 8. Be3 c6 9. Qd2 f6 10. O-O-O d5 11. d4 e4 12. f3 Bf5 13. fxe4 dxe4 14. d5 Ne7 15. d6 Ng6 16. Rhf1 Qd7 17. Na4 b6 18. Qb4 Na6 19. Qc4 b5 20. Qg8+ Nf8 21. Rxf5 bxa4 22. Ra5 Nb4 23. Rxa4 Nd5 24. Bf2 Rxh2 25. Rxe4+ Ne7 26. Rxe7+ Qxe7 27. dxe7 1-0


[Site "https://www.chess.com"]

[Event "Titled Tuesday Blitz May 16 Late 2023"]
[White "Sivakumar, Shaaketh"]
[Black "QuiesPrecatio"]
[WhiteFideId "30940176"]
[WhiteElo "2174"]
[BlackElo "2392"]
[Result "0-1"]
[Round "05"]
[TimeControl "180+2"]
[Date "2023.05.16"]
[WhiteClock "0:00:09"]
[BlackClock "0:00:04"]

1. e4 c6 2. d4 d5 3. e5 Bf5 4. h4 h5 5. Bd3 Bxd3 6. Qxd3 e6 7. Nf3 Qa5+ 8. c3 Qa6 9. Qxa6 Nxa6 10. O-O Ne7 11. Be3 Nf5 12. Bf4 Be7 13. Nbd2 c5 14. g3 O-O 15. Kg2 Rfc8 16. a3 cxd4 17. Nxd4 Nxd4 18. cxd4 Rc2 19. b4 Rac8 20. Nb3 b6 21. Rac1 Rxc1 22. Rxc1 Rxc1 23. Bxc1 Nc7 24. f3 Nb5 25. Bb2 a6 26. a4 Na7 27. Bc3 Nc6 28. b5 axb5 29. axb5 Na7 30. Kf2 Nxb5 31. Bb2 Bb4 32. Ke3 Na7 33. g4 hxg4 34. fxg4 Nc6 35. h5 Na5 36. Nxa5 bxa5 37. Kd3 a4 38. Bc3 Be7 39. Bd2 Kh7 40. g5 f6 41. g6+ Kg8 42. Bf4 f5 43. Kc3 Kf8 44. Be3 Ke8 45. Bf4 Bf8 46. Be3 Kd7 47. Bg5 Kc6 48. Bf6 f4 49. Be7 f3 50. Kd3 Bxe7 51. h6 a3 52. hxg7 f2 53. Ke2 a2 54. g8=Q f1=Q+ 55. Kxf1 a1=Q+ 56. Kg2 Qb2+ 57. Kf3 Qc3+ 58. Kg2 Qd2+ 59. Kf3 Qd3+ 60. Kg2 Qe4+ 61. Kh3 Qh4+ 62. Kg2 Qg4+ 63. Kh2 Qf4+ 64. Kh3 Qf3+ 65. Kh2 Qf2+ 66. Kh3 Qe3+ 67. Kg2 Qe2+ 68. Kh1 Qd1+ 69. Kh2 Bg5 70. Qxe6+ Kb5 71. Qxd5+ Kb4 72. Qc5+ Kb3 73. Qb5+ Kc3 74. Qc5+ Kd3 75. Qb5+ Ke3 76. Kh3 Qf3+ 77. Kh2 Bf4+ 78. Kg1 Qf2+ 79. Kh1 Qh2# 0-1


[Site "https://www.chess.com"]

[Event "Titled Tuesday Blitz May 16 Late 2023"]
[White "Perske, Thore"]
[Black "Vaglio Munoz, Jaime"]
[WhiteFideId "12902195"]
[BlackFideId "6500145"]
[WhiteElo "2336"]
[BlackElo "2199"]
[Result "1-0"]
[Round "05"]
[TimeControl "180+2"]
[Date "2023.05.16"]
[WhiteClock "0:00:09"]
[BlackClock "0:00:19"]

1. d4 c6 2. g3 d5 3. Bg2 Bf5 4. Nf3 e6 5. c4 b5 6. b3 Bxb1 7. Rxb1 Qa5+ 8. Bd2 Bb4 9. O-O Bxd2 10. Qxd2 Qxd2 11. Nxd2 Nf6 12. e4 O-O 13. Rfe1 Nbd7 14. e5 Ne8 15. f4 g6 16. g4 a5 17. c5 Ng7 18. h3 f6 19. Rf1 h5 20. Kh2 hxg4 21. hxg4 f5 22. g5 b4 23. Bf3 Kf7 24. Kg3 Rh8 25. Rh1 Rxh1 26. Rxh1 a4 27. Kf2 axb3 28. axb3 Ra2 29. Ke3 Nf8 30. Rh8 Ne8 31. Rh6 Nc7 32. Be2 Rb2 33. Rh1 Ra2 34. Kd3 Nb5 35. Ke3 Nxd4 36. Kxd4 Rxd2+ 37. Bd3 Rb2 38. Ra1 Rxb3 39. Ra7+ Ke8 40. Rc7 Nd7 41. Rxc6 Ke7 42. Rc7 Kd8 43. Rb7 Rb2 44. Bb5 Nf8 45. c6 Kc8 46. Rf7 Rc2 47. Rxf8+ Kc7 48. Rf7+ Kb6 49. Rb7+ Ka5 50. c7 b3 51. Bd7 b2 52. c8=Q b1=Q 53. Rxb1 Rc4+ 54. Qxc4 dxc4 55. Bxe6 c3 56. Kxc3 Ka4 57. Bxf5 Ka3 58. e6 Ka2 59. e7 Ka3 60. Ra1# 1-0


[Site "https://www.chess.com"]

[Event "Titled Tuesday Blitz May 16 Late 2023"]
[White "Fernandez Siles, Luis"]
[Black "Guz, Ari"]
[WhiteFideId "2209420"]
[BlackFideId "2825759"]
[WhiteElo "2195"]
[BlackElo "2205"]
[Result "0-1"]
[Round "05"]
[TimeControl "180+2"]
[Date "2023.05.16"]
[WhiteClock "0:00:00"]
[BlackClock "0:00:12"]

1. e4 Nf6 2. e5 Nd5 3. c4 Nb6 4. c5 Nd5 5. d4 d6 6. cxd6 exd6 7. Nf3 Be7 8. Bc4 Nb6 9. Bb3 O-O 10. h3 Nc6 11. exd6 Bxd6 12. O-O Bf5 13. Nc3 Qd7 14. Re1 h6 15. Bc2 Rad8 16. Bxf5 Qxf5 17. Be3 Nc4 18. Qe2 Nxe3 19. fxe3 Rfe8 20. e4 Qf4 21. Rad1 Bb4 22. a3 Ba5 23. d5 Ne5 24. Nxe5 Rxe5 25. Qf3 Qg5 26. Kh2 Rde8 27. b4 Bb6 28. Na4 Qe7 29. Nxb6 axb6 30. Rc1 Qd6 31. Qg3 f5 32. Re3 g5 33. Rec3 f4 34. Qg4 Rxe4 35. Rxc7 f3+ 36. Qg3 Qxg3+ 37. Kxg3 fxg2 38. Kxg2 Re2+ 39. Kf3 R8e3+ 40. Kg4 Re7 41. d6 R7e4+ 42. Kf5 Re5+ 43. Kg6 Re6+ 44. Kh5 Rxd6 0-1


[Site "https://www.chess.com"]

[Event "Titled Tuesday Blitz May 16 Late 2023"]
[White "Golubev, Mikhail"]
[Black "Bashkansky, Ethan"]
[WhiteFideId "14100983"]
[BlackFideId "2071533"]
[WhiteElo "2374"]
[BlackElo "2304"]
[Result "0-1"]
[Round "05"]
[TimeControl "180+2"]
[Date "2023.05.16"]
[WhiteClock "0:00:00"]
[BlackClock "0:00:17"]

1. e4 c6 2. d4 d5 3. e5 c5 4. dxc5 Nc6 5. f4 Nh6 6. Nf3 Bg4 7. Bd3 e6 8. Be3 d4 9. Bf2 Bxc5 10. h3 Bxf3 11. Qxf3 Nf5 12. Bxf5 exf5 13. O-O O-O 14. Nd2 a5 15. Nb3 Ba7 16. a4 Qe7 17. Rfd1 Rfd8 18. Nc1 Nb4 19. Nd3 Nxc2 20. Rac1 Ne3 21. Re1 Rac8 22. Kh2 h6 23. g4 fxg4 24. hxg4 Qd7 25. f5 Rxc1 26. Rxc1 Rc8 0-1


[Site "https://www.chess.com"]

[Event "Titled Tuesday Blitz May 16 Late 2023"]
[White "Taboas Rodriguez, Daniel"]
[Black "Harish, Neeraj"]
[WhiteFideId "2208466"]
[BlackFideId "30958130"]
[WhiteElo "2365"]
[BlackElo "1879"]
[Result "1-0"]
[Round "05"]
[TimeControl "180+2"]
[Date "2023.05.16"]
[WhiteClock "0:00:21"]
[BlackClock "0:00:00"]

1. d4 Nf6 2. Nf3 d5 3. c4 e6 4. Bg5 Be7 5. e3 h6 6. Bh4 O-O 7. Nc3 b6 8. Bd3 Bb7 9. O-O c5 10. Bg3 Nc6 11. Rc1 cxd4 12. exd4 dxc4 13. Bxc4 Nb4 14. Ne5 Nbd5 15. Nxd5 Bxd5 16. Bb5 Rc8 17. Qa4 a5 18. Nc6 Bxc6 19. Bxc6 Bd6 20. Be5 Ng4 21. Rfd1 f6 22. Bg3 Bxg3 23. hxg3 Qd6 24. Bf3 h5 25. Bxg4 hxg4 26. d5 Rxc1 27. Rxc1 Qxd5 28. Qxg4 Qxa2 29. Rc7 Rf7 30. Rc8+ Rf8 31. Rc6 Qd5 32. Rxb6 e5 33. Ra6 Rb8 34. Ra7 g5 35. Qh5 Rb7 36. Ra8+ Kg7 37. Qh8+ Kg6 38. Rg8+ Kf5 39. g4+ Ke4 40. Rd8 1-0


[Site "https://www.chess.com"]